 Dungeon Sprint DCSS version 0.30.1-4-g462c640d31 (webtiles) character file.

Game seed: 5262178772369126037

266 Heoruswealwe the Shield-Bearer (level 5, -12/50 HPs)
             Began as a Demigod Fighter on Aug 16, 2023.
             Mangled by a slime creature (14 damage)
             ... in the Dungeon (Sprint I: "Red Sonja").
             The game lasted 00:01:13 (49 turns).

Heoruswealwe the Shield-Bearer (Demigod Fighter)      Turns: 49, Time: 00:01:13

Health: -12/50     AC:  0    Str: 21    XL:     5   Next: 67%
Magic:  7/7        EV: 13    Int: 10    God:
Gold:   54         SH:  0    Dex: 13    Spells: 4/4 levels left

rFire   . . .        a - melded +0 war axe
rCold   . . .        d - melded +0 buckler
rNeg    . . .        c - melded +0 scale mail
rPois   .            (helmet currently unavailable)
rElec   .            (cloak currently unavailable)
rCorr   .            (gloves currently unavailable)
SInv    .            (boots currently unavailable)
Will    .....        (no amulet)
Stlth   +            (ring currently unavailable)
HPRegen 0.28/turn    (ring currently unavailable)
MPRegen 0.10/turn

%: no teleportation
@: mighty, pig-form (expiring), hasted, very quick
A: fast, no casting, small, high MP 1, forlorn, divine attributes
a: no special abilities


You were in the Dungeon.
You were a filthy swine.
You visited 1 branch You collected 54 gold pieces.

Inventory:

Hand Weapons
 a - a +0 war axe (melded)
Armour
 c - a +0 scale mail (melded)
 d - a +0 buckler (melded)
Wands
 b - a wand of polymorph (8)
Scrolls
 j - a scroll of blinking
Potions
 h - 2 potions of magic
 i - a potion of berserk rage


   Skills:
 + Level 6.3 Fighting
 + Level 5.9 Axes
 + Level 6.3 Armour
 + Level 6.3 Shields


You had 4 spell levels left.
You didn't know any spells.
Your spell library was empty.

Dungeon Overview and Level Annotations

Branches:
Dungeon (1/1)


Innate Abilities, Weirdness & Mutations

You are a filthy swine.
You move quickly.
Your equipment is almost entirely melded.
You are incapable of wielding weapons or throwing items.
You cannot cast spells.
You have an increased reservoir of magic. (+10% MP)
You shall have no god before yourself.
Your divine heritage dramatically boosts your attributes as you level up.


Message History

Sigmund barely misses you.
You bite Sigmund!
You kill Sigmund!
Your Fighting skill gained 2 levels and is now at level 6!
Your Axes skill increases to level 5!
Your Armour skill gained 2 levels and is now at level 6!
Your Shields skill gained 2 levels and is now at level 6!
You have reached level 5!
Things that are here:
a +0 scythe; a +1 robe of willpower; the human corpse of Sigmund You open the door.
Your transformation is almost over.
Found 108 gold pieces.
There is an open door here.
You now have 27 gold pieces.
You now have 54 gold pieces (gained 27).
You open the door.
A slime creature comes into view.
The slime creature quivers.
Found four altars.
The slime creature hits you.
There is an open door here.
You bite the slime creature!
The slime creature is lightly wounded.
You bite the slime creature!
The slime creature is moderately wounded.
The slime creature hits you!!
You hit the slime creature.
The slime creature is moderately wounded.
You feel better. The slime creature hits you.
You barely miss the slime creature.
The slime creature is moderately wounded.
The slime creature hits you!!
* * * LOW HITPOINT WARNING * * *
You bite the slime creature!
The slime creature is heavily wounded.
You hit the slime creature.
The slime creature is severely wounded.
The slime creature hits you!
You die...

###################
#<.#..').#.)'.$#__#
#..').#..'..#$.hJ.+
#..#####+#####+#__#
#..# ### #..# #..#
#⌠⌠# ####


You could see a slime creature.

Vanquished Creatures
  Sigmund (D)
  An ogre (D)
  Ijyb (D)
3 creatures vanquished.

Notes
Turn   | Place    | Note
-------+----------+-------------------------------------------
     0 | D        | Heoruswealwe the Demigod Fighter began the quest for the
                  | Orb.
     0 | D        | Reached XP level 1. HP: 18/18 MP: 3/3
     3 | D        | Noticed Ijyb
    14 | D        | Killed Ijyb
    15 | D        | Reached XP level 2. HP: 10/27 MP: 4/4
    19 | D        | Noticed an ogre
    25 | D        | Killed an ogre
    26 | D        | Reached XP level 3. HP: 35/35 MP: 5/5
    26 | D        | Reached XP level 4. HP: 41/41 MP: 6/6
    28 | D        | Noticed Sigmund
    33 | D        | Killed Sigmund
    34 | D        | Reached skill level 5 in Axes
    34 | D        | Reached XP level 5. HP: 43/50 MP: 7/7
    41 | D        | Noticed a slime creature
    47 | D        | HP: 2/50 [slime creature (20)]
    49 | D        | Mangled by a slime creature

Illustrated notes

Levels and vault maps discovered:
D:        dungeon_sprint_1 [red_sonja_temple_1, red_sonja_temple_small_1]

Skill      XL: |  1  2  3  4 |
---------------+-------------+-----
Fighting       | 3 4 6 |  6.3
Axes           | 3 4 5 |  5.9
Armour         | 3 4 6 |  6.3
Shields        | 3 4 6 |  6.3

Action                     |  1- 3 |  4- 6 || total
---------------------------+-------+-------++-------
  Melee: War axe           |     6 |       ||     6
         Unarmed           |     8 |     9 ||    17
    Use: Potion            |     4 |     1 ||     5
 Armour: Scale mail        |     2 |       ||     2
  Dodge: Dodged            |     2 |     2 ||     4
  Block: Buckler           |     2 |       ||     2
